 Dungeon Crawl Stone Soup version 0.22-a0-374-g5dfd9e3 (webtiles) character file.

3560 dstrtnsr the Grappler (level 10, 0/90 HPs)
             Began as a Hill Orc Conjurer on Apr 26, 2018.
             Was a Follower of Cheibriados.
             Slain by a two-headed ogre
             ... wielding a +0 giant spiked club
              (1 damage)
             ... on level 8 of the Dungeon.
             The game lasted 00:37:11 (4517 turns).

dstrtnsr the Grappler (Hill Orc Conjurer)           Turns: 4517, Time: 00:37:11

Health: 0/90       AC: 12    Str: 15    XL:     10   Next: 9%
Magic:  13/13      EV: 11    Int: 23    God:    Cheibriados [*.....]
Gold:   338        SH:  0    Dex: 13    Spells: 10/13 levels left

rFire    . . .     SeeInvis .   v - +11 falchion of Kufawae {flame, +Fly rN+ MR++ Str-4, !w}
rCold    . . .     Gourm    .   (no shield)
rNeg     + + .     Faith    .   z - +2 ring mail
rPois    +         Spirit   .   u - +0 hat
rElec    .         Reflect  .   A - +2 cloak
rCorr    .         Harm     .   (no gloves)
MR       ++...                  t - +1 pair of boots of the Ancient People {rN+ Int+3}
Stlth    +.........             (no amulet)
HPRegen  0.25/turn              (no ring)
MPRegen  0.13/turn              p - ring of poison resistance

@: mighty, very slow
A: no striking features
a: Bend Time, Renounce Religion, Evoke Flight


You were on level 8 of the Dungeon.
You worshipped Cheibriados.
Cheibriados was aware of your devotion.
You were not hungry.

You visited 2 branches of the dungeon, and saw 9 of its levels.

You collected 338 gold pieces.

Inventory:

Hand Weapons
 l - a +0 whip
 v - the +11 falchion of Kufawae (weapon) {flame, +Fly rN+ MR++ Str-4, !w}
   (You found it on level 7 of the Dungeon)

   It has been specially enchanted to burn those struck by it, causing extra
   injury to most foes and up to half again as much damage against particularly
   susceptible opponents.
   Big, fiery blades are also staple armaments of hydra-hunters.
   It affects your strength (-4).
   It protects you from negative energy.
   It affects your resistance to hostile enchantments.
   It lets you fly.
Armour
 a - a +0 robe
 h - a +0 robe
 j - a scarf of resistance
 t - the +1 pair of boots of the Ancient People (worn) {rN+ Int+3}
   (You found it on level 4 of the Dungeon)

   It affects your intelligence (+3).
   It protects you from negative energy.
 u - a +0 hat (worn)
 z - a +2 ring mail (worn)
 A - a +2 cloak (worn)
 D - a +0 chain mail
Jewellery
 p - a ring of poison resistance (right hand)
 y - an uncursed ring of ice
Wands
 b - a wand of random effects (15)
Scrolls
 e - 4 scrolls of remove curse {@r2}
 k - a scroll of teleportation {!d}
 m - 2 scrolls of magic mapping
 n - a scroll of blinking {unknown}
 o - a scroll of fear {unknown}
 r - a scroll of enchant weapon {unknown}
 s - 3 scrolls of amnesia
 w - a scroll of fog {unknown}
 x - a scroll of enchant armour
 E - a scroll of vulnerability {unknown}
Potions
 f - a potion of mutation {!q}
 i - a potion of magic {!q}
 q - a potion of curing {unknown}
 B - a potion of flight
 C - a potion of brilliance
Comestibles
 c - 10 rations {!d}


   Skills:
 + Level 8.8 Fighting
 - Level 6.0 Long Blades
 - Level 2.3 Maces & Flails
 + Level 2.7 Dodging
 - Level 1.5 Stealth
 - Level 10.1 Unarmed Combat
 - Level 2.0 Spellcasting
 - Level 4.0 Conjurations
 * Level 3.5 Invocations


You had 10 spell levels left.
You knew the following spells:

 Your Spells              Type           Power        Failure   Level  Hunger
a - Magic Dart            Conj           ###.         4%          1    #......
R - Searing Ray           Conj           ###...       8%          2    ##.....


Dungeon Overview and Level Annotations

Branches:
Dungeon (8/15)             Temple (1/1) D:7
   Lair: D:8-11

Altars:
Ashenzari
Cheibriados
Dithmenos
Elyvilon
Fedhas
Gozag
Hepliaklqana
Makhleb
Nemelex Xobeh
Okawaru
Qazlal
Ru
Sif Muna
Wu Jian
Yredelemnul
Zin

Shops:
D:5 (

Annotations:
D:4 4 runed doors


Message History

The wyvern hisses angrily.
The bullfrog skeleton barely misses you.
The bullfrog skeleton closely misses you.
Unknown command.
Casting: Searing Ray (safe; 11% risk of failure)
Confirm with . or Enter, or press ? or * to list all spells.
Aiming: Searing Ray (safe; 11% risk of failure)
Press: ? - help, Shift-Dir - straight line The searing ray hits the bullfrog skeleton.
The bullfrog skeleton is lightly damaged. (Press . to maintain the ray.)
The bullfrog skeleton misses you.
You riposte.
You slash the bullfrog skeleton! You burn the bullfrog skeleton.
The bullfrog skeleton is heavily damaged.
Unknown command.
The searing ray hits the bullfrog skeleton.
The bullfrog skeleton is severely damaged.
The bullfrog skeleton barely misses you.
You riposte.
You slash the bullfrog skeleton! You burn the bullfrog skeleton.
You destroy the bullfrog skeleton!
Cheibriados thoroughly appreciates the change of pace.
The searing ray hits the wyvern.
The wyvern bites you.
Damage: -2%(-2hp) hp: 55%(49hp)
The searing ray hits the wyvern.
The wyvern is heavily wounded.
You finish channeling your searing ray.
The wyvern closely misses you.
You riposte.
You hit the wyvern. You burn the wyvern.
The wyvern is heavily wounded.
The wyvern barely misses you.
Unknown command.
You slash the wyvern! You burn the wyvern.
You kill the wyvern!
Cheibriados appreciates the change of pace.
Cheibriados slows and strengthens your metabolism.
Cheibriados raises the support of your attributes as your movement slows.
Your Invocations skill increases to level 3!
You see here a wyvern corpse.
Found a scroll of identify.
You see here a scroll of identify {@r1}.
F - a scroll of identify {@r1}
As you read the scroll of identify {@r1}, it crumbles to dust.
g - a scroll of random uselessness Drop what? 31/52 slots (_ for help) (? for menu, Esc to quit)
You drop a scroll of random uselessness.
You are feeling hungry.
You see here a wyvern corpse.
You butcher the wyvern corpse.
Things that are here:
2 chunks of flesh; a wyvern skeleton Eat one of 2 chunks of flesh? (ye/n/q)
You eat one of the 2 chunks of flesh.
This raw flesh tastes terrible.
You see here 4 large rocks.
A sky beast comes into view.
The sky beast hits you but does no damage.
You hit the sky beast. You burn the sky beast.
The sky beast is lightly wounded.
The sky beast misses you.
You slash the sky beast! You burn the sky beast.
The sky beast is heavily wounded.
The sky beast hits you but does no damage.
You hit the sky beast. You burn the sky beast.
The sky beast is severely wounded.
The sky beast hits you but does no damage.
You closely miss the sky beast.
The sky beast is severely wounded.
The sky beast completely misses you.
Your ring mail prevents you from hitting the sky beast.
The sky beast is severely wounded.
The sky beast barely misses you.
You riposte.
You hit the sky beast. You burn the sky beast.
The sky beast is severely wounded.
You slash the sky beast! You burn the sky beast.
You kill the sky beast!
Cheibriados thoroughly appreciates the change of pace.
You see here a sky beast corpse.
The two-headed ogre shouts in stereo!
Found a stone staircase leading down.
Unknown command.
You feel very mighty all of a sudden. The two-headed ogre misses you.
The two-headed ogre hits you with a giant spiked club!
Damage: -17%(-15hp) hp: 75%(67hp) Unknown command.
Unknown command.
You slash the two-headed ogre! You burn the two-headed ogre.
The two-headed ogre is moderately wounded.
Unknown command.
You slash the two-headed ogre! You burn the two-headed ogre.
The two-headed ogre is severely wounded.
The two-headed ogre hits you with a giant spiked club!!
* * * LOW HITPOINT WARNING * * *
The two-headed ogre hits you with a giant spiked club!!
* * * LOW HITPOINT WARNING * * *
Huge Dmg: -53%(-48hp) hp: 22%(19hp)
You slash the two-headed ogre! You burn the two-headed ogre.
The two-headed ogre is almost dead.
The two-headed ogre hits you with a giant spiked club!!
* * * LOW HITPOINT WARNING * * *
The two-headed ogre hits you with a giant spiked club.
You die...

,,,,,,,,,,,,,,,,,,,*,**...*#...#
,,*,***,*****,,,,,...,....*#.#!#
,,,,* *,* *.**,#.#.##...*#.#.#
,,,,* *,* ##.**,....##*,**#.#.#
,,,,* *,* #..**,>.#..,,,* #.#.#
,,*,* *,* #.#**,.....,,,* #...#
,,*,* *,* #.# **..#.#**** ###.#
,**,***,* #.####O.#.# #.#
,,,,,,*,* #....@..#.## #%#
,,*,*,*,* #.#####.#..# #.#
,,*,*,*,* #.# #.#..########.#
..#.#.#.# #.#####.#.<.......).#
..#.#.#.# #.........#.#######.#
..#.#.#.# #.#####.#.#..# #.#
..#.#.#.# #.# #.#.##.## #.#
..#.#.#.####.#####.#.##..# #.#
..#.#.#.##.......!.#.###.## #.#


You could see a two-headed ogre.

Vanquished Creatures
  Sigmund (D:6)
  A wyvern (D:8)
  4 yaks (D:6)
  The ghost of p0werm0de the Chopper, an amateur FoCK of Xom (D:6)
  A hungry ghost (D:7)
  A necrophage (D:8)
  A sky beast (D:8)
  An ice beast (D:5)
  An orc warrior (D:6)
  2 ogres
  3 phantoms
  3 centaurs
  2 bullfrogs (D:7)
  3 scorpions
  A water moccasin skeleton (D:4)
  2 howler monkeys
  2 crimson imps
  4 hounds
  A jelly (D:5)
  5 bullfrog skeletons
  A centaur skeleton (D:7)
  4 iguanas
  5 orc wizards
  3 worker ants
  2 killer bee zombies (D:8)
  A hound skeleton (D:4)
  10 adders
  A howler monkey skeleton (D:8)
  2 river rats (D:5)
  3 shadow imps
  2 adder skeletons
  A dart slug (D:1)
  3 leopard geckos
  19 orcs
  4 bats
  6 giant cockroaches
  4 goblins
  5 hobgoblins
  7 jackals
  3 kobolds
  3 quokkas
  A ball python (D:8)
  2 frilled lizards
  A leopard gecko zombie (D:5)
  A quokka skeleton (D:8)
  7 rats
141 creatures vanquished.

Notes
Turn   | Place    | Note
-------+----------+-------------------------------------------
     0 | D:1      | dstrtnsr the Hill Orc Conjurer began the quest for the Orb.
     0 | D:1      | Reached XP level 1. HP: 14/14 MP: 3/3
    95 | D:1      | Reached skill level 1 in Fighting
   157 | D:1      | Reached XP level 2. HP: 23/23 MP: 1/4
   343 | D:1      | HP: 9/24 [hobgoblin/club (8)]
   395 | D:1      | Learned a level 2 spell: Searing Ray
   727 | D:2      | Reached XP level 3. HP: 30/30 MP: 3/5
  1105 | D:4      | Reached skill level 1 in Maces & Flails
  1105 | D:4      | Reached XP level 4. HP: 39/40 MP: 1/7
  1153 | D:4      | Got a pair of polished boots
  1159 | D:4      | Identified the +1 pair of boots of the Ancient People {rN+ Int+3} (You found it on level 4 of the Dungeon)
  1232 | D:4      | Reached XP level 5. HP: 31/47 MP: 0/8
  1377 | D:4      | Found a large runed door.
  1377 | D:4      | Found a large runed door.
  1395 | D:4      | Found a large runed door.
  1395 | D:4      | Found a large runed door.
  1558 | D:5      | Entered Level 5 of the Dungeon
  1574 | D:5      | Noticed a centaur
  1579 | D:5      | Found Qutyjis's Weapon Emporium.
  1590 | D:5      | Reached skill level 5 in Fighting
  1653 | D:5      | Reached XP level 6. HP: 57/57 MP: 1/9
  1671 | D:5      | Noticed an ice beast
  1778 | D:5      | Killed an ice beast
  1778 | D:5      | Reached skill level 1 in Unarmed Combat
  1805 | D:5      | Found a stormy altar of Qazlal.
  1856 | D:5      | Reached skill level 2 in Unarmed Combat
  1923 | D:5      | HP: 20/57 [centaur (5)]
  1926 | D:5      | Reached skill level 3 in Unarmed Combat
  1926 | D:5      | Reached XP level 7. HP: 23/63 MP: 0/10
  1970 | D:5      | Reached skill level 4 in Unarmed Combat
  2105 | D:5      | Reached skill level 5 in Unarmed Combat
  2220 | D:6      | Noticed p0werm0de's ghost (amateur FoCK)
  2267 | D:6      | Reached skill level 6 in Unarmed Combat
  2275 | D:6      | HP: 20/63 [p0werm0de's ghost (6)]
  2279 | D:6      | Killed p0werm0de's ghost
  2279 | D:6      | Reached XP level 8. HP: 23/70 MP: 1/11
  2292 | D:6      | HP: 24/70 [bullfrog skeleton (1)]
  2294 | D:6      | Reached skill level 7 in Unarmed Combat
  2379 | D:6      | HP: 28/70 [phantom (3)]
  2625 | D:6      | Noticed a yak
  2625 | D:6      | Noticed a yak
  2628 | D:6      | Noticed a yak
  2631 | D:6      | Reached skill level 8 in Unarmed Combat
  2635 | D:6      | Noticed a yak
  2723 | D:6      | Noticed Sigmund
  2742 | D:6      | Killed Sigmund
  2801 | D:6      | Reached skill level 9 in Unarmed Combat
  3040 | D:7      | Reached skill level 10 in Unarmed Combat
  3040 | D:7      | Reached XP level 9. HP: 44/75 MP: 1/12
  3052 | D:7      | Got an ichor-stained falchion {!w}
  3057 | D:7      | HP: 28/75 [centaur/arrow (6)]
  3058 | D:7      | Identified the +11 falchion of Kufawae {flame, +Fly rN+ MR++ Str-4, !w} (You found it on level 7 of the Dungeon)
  3064 | D:7      | HP: 27/75 [poisoned by an adder]
  3068 | D:7      | HP: 13/75 [poisoned by an adder]
  3296 | D:5      | Reached skill level 1 in Long Blades
  3624 | D:6      | Reached skill level 5 in Long Blades
  3788 | D:7      | HP: 28/75 [centaur/arrow (5)]
  3825 | D:7      | HP: 28/78 [worker ant (6)]
  3863 | D:7      | HP: 31/78 [bullfrog (6)]
  3870 | D:7      | HP: 29/79 [hungry ghost (4)]
  3979 | D:7      | Found a staircase to the Ecumenical Temple.
  3986 | Temple   | Entered the Ecumenical Temple
  4005 | Temple   | Became a worshipper of Cheibriados the Contemplative
  4122 | D:8      | Noticed a two-headed ogre
  4182 | D:8      | Noticed a two-headed ogre
  4193 | D:8      | Noticed a two-headed ogre
  4193 | D:8      | HP: 15/82 [two-headed ogre/giant club (24)]
  4230 | D:8      | HP: 22/82 [scorpion (2)]
  4320 | D:8      | HP: 30/82 [ogre/giant spiked club (17)]
  4322 | D:8      | Reached skill level 1 in Invocations
  4349 | D:8      | HP: 28/82 [crimson imp (1)]
  4350 | D:8      | Reached XP level 10. HP: 31/90 MP: 6/13
  4414 | D:8      | Reached * piety under Cheibriados
  4516 | D:8      | HP: 19/90 [two-headed ogre/giant spiked club (22)]
  4517 | D:8      | HP: 1/90 [two-headed ogre/giant spiked club (18)]
  4517 | D:8      | Slain by a two-headed ogre

Vault maps used:
D:1:      elethiomel_arrival_shortcut
D:2:      serial_undead, serial_undead_b, serial_undead_b, serial_undead_b,
          serial_undead_f
D:3:      minmay_overflow_temple_hex, first_ration
D:4:      minmay_hollow_rounded_squares
D:5:      portal_sewer_entry_e, serial_shops,
          nicolae_shop_temple_entry_statues_fountains, grunt_qazlal_sundering
D:6:      uniq_sigmund
D:7:      temple_green
D:8:      minmay_distorted_concentric_squares, grunt_ogre_cave
Temple:   lightli_temple_of_artemis

Skill      XL: |  1  2  3  4  5  6  7  8  9 10 |
---------------+-------------------------------+-----
Fighting       | 1 2 3 4 5 6 8 |  8.8
Spellcasting   | 2 |  2.0
Maces & Flails | 1 2 |  2.3
Unarmed Combat | 3 6 10 | 10.1
Long Blades    | 6 |  6.0
Dodging        | 2 |  2.7
Invocations    | 2 3 |  3.5
Stealth        | |  1.5
Conjurations   | |  4.0

Action                   |  1- 3 |  4- 6 |  7- 9 | 10-12 || total
-------------------------+-------+-------+-------+-------++-------
Melee: Unarmed           |    34 |       |   103 |       ||   137
       Whip              |    20 |    65 |    57 |       ||   142
       Punch             |       |       |     7 |       ||     7
       Falchion          |       |       |    98 |    13 ||   111
 Cast: Magic Dart        |    43 |    17 |     6 |       ||    66
       Searing Ray       |     3 |    13 |    40 |     1 ||    57
Evoke: Wand              |       |       |     5 |       ||     5
  Use: Scroll            |     5 |     1 |    12 |     1 ||    19
       Potion            |       |       |     8 |     1 ||     9
 Stab: Confused          |       |       |     1 |       ||     1
       Distracted        |       |       |     1 |       ||     1
  Eat: Chunk             |     1 |     1 |     9 |     1 ||    12
       Ration            |       |     1 |     1 |       ||     2
Armor: Robe              |     9 |     6 |       |       ||    15
       Ring mail         |       |    16 |   138 |     5 ||   159
Dodge: Dodged            |    47 |    49 |   182 |    11 ||   289
       Rpst.: Falchion   |       |       |    15 |     5 ||    20

Table legend:
 A = Spawn XP
 B = Non-spawn XP
 C = Spawn XP percentage of total XP
 D = Spawn monster count
 E = Non-spawn monster count
 F = Spawn count percentage of total count
 G = Total turns spent on level
                    A         B        C        D         E        F      G
               +---------+---------+-------+---------+---------+-------+---------
         Total |       0 |    5087 |   0.0 |       0 |     141 |   0.0 |  4517
               +---------+---------+-------+---------+---------+-------+---------
           D:1 |       0 |      30 |   0.0 |       0 |      15 |   0.0 |   624
           D:2 |       0 |      25 |   0.0 |       0 |       6 |   0.0 |   231
           D:3 |       0 |      15 |   0.0 |       0 |       9 |   0.0 |   234
           D:4 |       0 |     165 |   0.0 |       0 |       6 |   0.0 |   519
           D:5 |       0 |     805 |   0.0 |       0 |      24 |   0.0 |   847
           D:6 |       0 |    1941 |   0.0 |       0 |      32 |   0.0 |  1035
           D:7 |       0 |    1173 |   0.0 |       0 |      27 |   0.0 |   568
           D:8 |       0 |     930 |   0.0 |       0 |      21 |   0.0 |   422
        Temple |       0 |       3 |   0.0 |       0 |       1 |   0.0 |    37
               +---------+---------+-------+---------+---------+-------+---------
